 Dungeon Crawl Stone Soup version 0.28.0-53-g5a82cb258f (webtiles) character file.

Game seed: 6278654361813342530

60 DocClef the Chopper (level 3, 0/27 HPs)
             Began as a Minotaur Fighter on July 3, 2022.
             Slain by an adder (2 damage)
             ... on level 2 of the Dungeon.
             The game lasted 00:01:21 (1219 turns).

DocClef the Chopper (Minotaur Fighter)              Turns: 1219, Time: 00:01:22

Health: 0/27       AC:  6    Str: 22    XL:     3   Next: 82%
Magic:  2/2        EV:  9    Int:  7    God:
Gold:   37         SH:  4    Dex:  9    Spells: 2/2 levels left

rFire   . . .      SeeInvis .   a - +0 war axe
rCold   . . .      Faith    .   c - +0 buckler
rNeg    . . .      Spirit   .   b - +0 scale mail
rPois   .          Reflect  .   (helmet restricted)
rElec   .          Harm     .   (no cloak)
rCorr   .          Rampage  .   (no gloves)
Will    .....      Clarity  +   (no boots)
Stlth   ..........              (no amulet)
HPRegen 0.09/turn               (no ring)
MPRegen 0.08/turn               (no ring)

@: attractive, flying (expiring)
A: horns 2, retaliatory headbutt, clarity, clever 1, frail 1
a: no special abilities


You were on level 2 of the Dungeon.
You visited 1 branch of the dungeon, and saw 2 of its levels.

You collected 37 gold pieces.

Inventory:

Hand Weapons
 a - a +0 war axe (weapon)
Armour
 b - a +0 scale mail (worn)
 c - a +0 buckler (worn)
Scrolls
 g - 3 scrolls of vulnerability {unknown}
 h - a scroll of identify {unknown}
 j - a scroll of immolation {unknown}
Potions
 d - a potion of might


   Skills:
 - Level 3.6 Fighting
 + Level 5.1 Axes
 - Level 3.6 Armour
 - Level 3.6 Shields


You had 2 spell levels left.
You didn't know any spells.
Your spell library was empty.

Dungeon Overview and Level Annotations

Branches:
Dungeon (2/15)

Altars:

Shops:
D:2 (


Innate Abilities, Weirdness & Mutations

You have a pair of horns on your head.
You reflexively headbutt those who attack you in melee.
You possess an exceptional clarity of mind.
Your mind is acute. (Int +2)
You are frail. (-10% HP)


Message History

You are poisoned.
The adder poisons you!
You closely miss the adder.
The adder is heavily wounded.
You feel sick. The adder bites you.
* * * LOW HITPOINT WARNING * * *
The adder completely misses you. You furiously retaliate!
You headbutt the adder, but do no damage.
You closely miss the adder.
The adder is heavily wounded.
You feel sick. The adder bites you but does no damage.
You barely miss the adder.
The adder is heavily wounded.
You feel sick. The adder bites you.
* * * LOW HITPOINT WARNING * * *
The adder barely misses you.
You slash the adder!
You kill the adder!
You feel sick.
You are no longer poisoned.
The rat bites you.
* * * LOW HITPOINT WARNING * * *
Your Axes skill increases to level 5!
The giant cockroach is attracted toward you.
The giant cockroach is attracted toward you.
The adder is attracted toward you. The rat is attracted toward you.
The giant cockroach is attracted toward you.
The adder is attracted toward you. The adder is attracted toward you.
The giant cockroach is attracted toward you.
You are starting to lose your buoyancy.
The rat closely misses you. The adder bites you but does no damage.
You miss the adder. The adder bites you but does no damage.
The adder barely misses you.
You hit the adder but do no damage. Your headbutt misses the adder.
The adder bites you but does no damage.
You barely miss the adder. The adder barely misses you. The adder bites you.
You die...

###.........#.######..##########
# #########..............>......
## #####.....#####.############
.### #.....###.......# #
...###...#####.####### ##
.....###..........## ###.
#.##.####......##..###### #...
#.......#.....r###......# ####.##
####..........BS@.......###....##
####........#######........##.
#####.....###### ##...#####..
..)...##..# ##.#.# #..#
.)######..# #.<.†# #..# ..# #..#
#..#..##..# ##r #... #.##.†#...#
. ..##. #.. ##..†# $. ..# ## #.
##..##


You could see an adder, a giant cockroach and a rat.

Vanquished Creatures
  An adder (D:2)
  A gnoll (D:2)
  A worm (D:2)
  A dart slug (D:2)
  2 ball pythons (D:1)
  4 endoplasms
  A giant cockroach (D:2)
  2 hobgoblins (D:1)
  2 jackals (D:2)
  A quokka (D:1)
  2 bats (D:1)
  6 goblins
  4 kobolds
  7 rats (D:1)
35 creatures vanquished.

Notes
Turn   | Place    | Note
-------+----------+-------------------------------------------
     0 | D:1      | DocClef the Minotaur Fighter began the quest for the Orb.
     0 | D:1      | Reached XP level 1. HP: 19/19 MP: 0/0
   191 | D:1      | Reached skill level 3 in Axes
   220 | D:1      | Reached XP level 2. HP: 26/26 MP: 1/1
   489 | D:1      | Reached skill level 4 in Axes
   498 | D:1      | Found a faded altar of an unknown god.
   909 | D:2      | Reached XP level 3. HP: 27/31 MP: 2/2
  1181 | D:2      | Found Hylar's Weapon Shop.
  1198 | D:2      | Gained mutation: You possess an exceptional clarity of
                  | mind. [potion of mutation]
  1198 | D:2      | Gained mutation: You are frail. (-10% HP) [potion of
                  | mutation]
  1198 | D:2      | Gained mutation: Your mind is acute. (Int +2) [potion of
                  | mutation]
  1203 | D:2      | HP: 1/27 [rat (1)]
  1204 | D:2      | Reached skill level 5 in Axes
  1219 | D:2      | Slain by an adder

Illustrated notes

Levels and vault maps discovered:
D:1:      lordsloth_arrival_two_stooges, layout_basic,
          shapermc_ecumenical_altar_gd
D:2:      minmay_alternating_diamond, layout_rooms, serial_shops,
          nicolae_diamond_shop

Skill      XL: |  1  2  3 |
---------------+----------+-----
Axes           | 3 4 5 |  5.1
Fighting       | |  3.6
Armour         | |  3.6
Shields        | |  3.6

Action                   || total
-------------------------++-------
Melee: War axe           ||    77
       Headbutt          ||     7
  Use: Potion            ||     4
Armor: Scale mail        ||    33
Dodge: Dodged            ||    39
Block: Buckler           ||    15
